 Dungeon Crawl Stone Soup version 0.32-a0-872-g59262bdc9b (webtiles) character file.

Game seed: 11550637066756839757

60 601d51SH the Poker (level 4, -2/34 HPs)
             Began as a Human Gladiator on Mar 30, 2024.
             Slain by Sigmund
             ... wielding a +0 scythe
              (6 damage)
             ... on level 2 of the Dungeon.
             The game lasted 00:07:05 (1651 turns).

601d51SH the Poker (Human Gladiator)                Turns: 1651, Time: 00:07:06

Health: -2/34      AC: 10    Str: 17    XL:     4   Next: 4%
Magic:  4/4        EV:  7    Int:  8    God:
Gold:   31         SH:  0    Dex: 14    Spells: 3/3 levels left

rFire   . . .        a - +1 trident
rCold   . . .        (no shield)
rNeg    . . .        h - +1 chain mail
rPois   .            c - +0 helmet
rElec   .            (no cloak)
rCorr   .            (no gloves)
SInv    .            (no boots)
Will    .....        (no amulet) Stlth
                     (no ring)
HPRegen 0.25/turn    (no ring)
MPRegen 0.09/turn

%: no passive effects
@: silenced
A: explore regen
a: no special abilities


You were on level 2 of the Dungeon.
You visited 1 branch of the dungeon, and saw 2 of its levels.

You collected 31 gold pieces.

Inventory:

Hand Weapons
 a - a +1 trident (weapon)
 g - a +0 sling
 o - a +0 sling
Missiles
 e - a javelin
 k - 5 poisoned darts
Armour
 b - a +0 leather armour
 c - a +0 helmet (worn)
 h - a +1 chain mail (worn)
Scrolls
 f - a scroll of teleportation {unknown}
 i - a scroll of revelation {unknown}
 j - a scroll of fog
 l - a scroll of enchant weapon
 q - a scroll of amnesia {unknown}
 r - a scroll of noise {unknown}


   Skills:
 + Level 2.4 Fighting
 + Level 3.6 Polearms
 + Level 2.1 Throwing
 + Level 1.0 Armour
 + Level 3.5 Dodging
 + Level 0.3 Stealth


You had 3 spell levels left.
You didn't know any spells.
Your spell library was empty.

Dungeon Overview and Level Annotations

Branches:
Dungeon (2/15)

Altars:
Cheibriados

Shops:
D:2 =

Annotations:
D:2 Sigmund


Innate Abilities, Weirdness & Mutations

You regain HP and MP as you explore.


Message History

Sigmund is suddenly surrounded by pale blue light.
As you read the scroll labelled ZEUNYJ YMUA, it dissolves into smoke.
It was a scroll of fog.
You are starting to lose your buoyancy.
You see here a +0 mace.
As you read the scroll labelled VACOCS HITHIRCHUMP, it crumbles to dust.
It is a scroll of enchant armour.
Your +0 chain mail glows green for a moment.
You float gracefully downwards.
Sigmund casts a spell at you. You resist with almost no effort.
As you read the scroll labelled ISUTITOUCA, it crumbles to dust.
A profound silence engulfs you.
It was a scroll of silence.
Your enlightenment fades.
Sigmund hits you from afar with a +0 scythe!
* * * LOW HITPOINT WARNING * * *
Unknown command.
Magic scrolls do not work when you're silenced!
Magic scrolls do not work when you're silenced!
Sigmund attacks as he pursues you!
Sigmund hits you from afar with a +0 scythe.
* * * LOW HITPOINT WARNING * * *
Sigmund attacks as he pursues you! Sigmund hits you but does no damage.
Sigmund gestures at you while chanting. You resist with some effort.
Sigmund gestures at you while chanting.
You are confused.
You bump into the rock wall.
Sigmund points at you and mumbles some strange words.
The magic dart hits you.
* * * LOW HITPOINT WARNING * * *
You bump into the rock wall.
Sigmund mumbles some strange words.
Sigmund flickers and vanishes!
You bump into the rock wall.
You are too confused!
You bump into the rock wall.
You feel less confused. Something hits you.
You die...

#.# #..#..### #########.#
#.###......# #.#######
#...[..>...# #.##.....
#..........# #.##.####
#..........##############.##.#...
#..........##.............##.#.#.
#......######.........@..###.#.#.
#.....##############.###.....#.#.
#...............@....# #..#....#.
####################.# #..#.####.
# #.# #..@...... # #.####.#.#####
# #......#.# # ########.# # #.# #
##########.# # #....).....#


There were no monsters in sight!

Vanquished Creatures
  3 adders (D:2)
  3 dart slugs
  3 endoplasms
  A giant cockroach (D:1)
  4 goblins
  A hobgoblin (D:2)
  2 quokkas
  2 ball pythons (D:1)
  4 bats
  A frilled lizard (D:2)
  A kobold (D:2)
  A rat (D:2)
26 creatures vanquished.

Notes
Turn   | Place    | Note
-------+----------+-------------------------------------------
     0 | D:1      | 601d51SH the Human Gladiator began the quest for the Orb.
     0 | D:1      | Reached XP level 1. HP: 16/16 MP: 1/1
   142 | D:1      | Reached XP level 2. HP: 22/22 MP: 2/2
  1075 | D:2      | Reached XP level 3. HP: 26/27 MP: 3/3
  1153 | D:2      | Found a faded altar of an unknown god.
  1223 | D:2      | Found Qoot's Jewellery Emporium.
  1496 | D:2      | Reached skill level 1 in Armour
  1509 | D:2      | Noticed Sigmund
  1546 | D:2      | Found a snail-covered altar of Cheibriados.
  1552 | D:2      | Reached XP level 4. HP: 4/34 MP: 4/4
  1581 | D:2      | HP: 1/34 [something/magic dart (5)]
  1651 | D:2      | Slain by Sigmund

Illustrated notes

Levels and vault maps discovered:
D:1:      dpeg_arrival_tiny_i, layout_loops_corners
D:2:      layout_basic, serial_shops, shop, basic_ecumenical_altar, basic_altar,
          minmay_domino_4, uniq_natasha, uniq_sigmund

Skill      XL: |  1  2  3 |
---------------+----------+-----
Armour         | 1 |  1.0
Fighting       | |  2.4
Polearms       | |  3.6
Throwing       | |  2.1
Dodging        | |  3.5
Stealth        | |  0.3

Action                     |  1- 3 |  4- 6 || total
---------------------------+-------+-------++-------
  Melee: Trident           |   103 |       ||   103
  Throw: Throwing net      |     2 |     1 ||     3
    Use: Scroll            |       |     4 ||     4
         Potion            |       |     1 ||     1
 Armour: Leather armour    |    36 |       ||    36
         Chain mail        |    73 |     7 ||    80
  Dodge: Dodged            |    75 |       ||    75

Table legend: (Time is in decaauts)
 A = Elapsed time spent in this place.
 B = Non-inter-level travel time spent in this place.
 C = Inter-level travel time spent in this place.
 D = Time resting spent in this place.
 E = Time spent auto-exploring this place.
 F = Levels seen in this place.
 G = Mean time per level.
                   A        B        C        D        E       F      G
               +--------+--------+--------+--------+--------+-----+--------+
         Total |   1664 |   1624 |     40 |      0 |    516 |   2 |  832.0 |
       Dungeon |   1664 |   1624 |     40 |      0 |    516 |   2 |  832.0 |
               +--------+--------+--------+--------+--------+-----+--------+

Top non-repeatable levels by time:
     D:1: 938 daAuts
     D:2: 726 daAuts
